 Dungeon Crawl Stone Soup version 0.17.0-28-g6e173f8 (webtiles) character file.

3558 homeworkjunkie the Covert (level 9, 0/46 HPs)
             Began as a Spriggan Assassin on Nov 23, 2015.
             Succumbed to poison (a potion of poison)
             ... on level 6 of the Dungeon.
             The game lasted 00:14:45 (6674 turns).

homeworkjunkie the Covert (Spriggan Assassin)       Turns: 6674, Time: 00:14:45

Health: 0/46       AC:  5    Str:  6 (7)  XL:     9   Next: 83%
Magic:  9/14       EV: 28    Int: 18      God:
Gold:   242        SH:  0    Dex: 20      Spells: 0 memorised, 13 levels left

rFire  . . .     SeeInvis +     a - +2 dagger
rCold  . . .     Clarity  .     c - +0 robe
rNeg   . . .     SustAt   .     (shield restricted)
rPois  .         Gourm    .     (helmet restricted)
rElec  .         Spirit   .     d - +2 cloak
rCorr  .         Warding  .     (gloves unavailable)
rMut   .         Stasis   .     (boots unavailable)
MR     +....                    (no amulet)
Stlth  ++++++....               (no ring)
                                (no ring)

@: brilliant, lethally poisoned (0 -> -17), very slightly contaminated,
invisible, very quick, somewhat resistant to hostile enchantments, very stealthy
A: unfitting armour, see invisible, herbivore 3, speed 3, slow metabolism 2
a: no special abilities


You were on level 6 of the Dungeon.
You were full.

You visited 1 branch of the dungeon, and saw 7 of its levels.

You collected 389 gold pieces.
You spent 147 gold pieces at shops.

Inventory:

Hand Weapons
 a - a +2 dagger (weapon)
 b - a +0 blowgun
 o - a +0 hand axe of flaming
 w - a +0 hunting sling
Missiles
 j - 26 sling bullets
 n - 2 sling bullets of flame
Armour
 c - a +0 robe (worn)
 d - a +2 cloak (worn)
Jewellery
 y - an uncursed ring of stealth {unknown}
Scrolls
 i - 5 scrolls of amnesia
 m - 3 scrolls of remove curse
 s - 6 scrolls of identify
 t - 4 scrolls of recharging {unknown}
Potions
 h - a potion of cancellation
 k - a potion of invisibility
 l - a potion of mutation
 r - a potion of experience
 x - a potion of degeneration
Books
 u - a book of Air

   Spells                             Type                      Level
   a - Shock                          Conjuration/Air              1
   b - Swiftness                      Charms/Air                   2
   c - Repel Missiles                 Charms/Air                   2
   d - Static Discharge               Conjuration/Air              3
   e - Lightning Bolt                 Conjuration/Air              5
Comestibles
 g - 6 bread rations


   Skills:
 * Level 4.6 Fighting
 * Level 6.0 Short Blades
 + Level 1.7 Axes
 * Level 5.8(7.5) Slings
 * Level 6.0(6.9) Throwing
 + Level 2.5 Armour
 * Level 10.3 Dodging
 * Level 12.1 Stealth
   Level 1.5 Shields
 + Level 1.7 Unarmed Combat
 + Level 2.6 Spellcasting


You had 13 spell levels left.
You didn't know any spells.

Dungeon Overview and Level Annotations

Branches:
Dungeon (7/15)             Temple (0/1) D:6

Altars:
Ashenzari
Cheibriados
Dithmenos
Gozag
Nemelex Xobeh
Qazlal
Ru
Trog
Xom

Shops:
D:5 }   D:6 *

Annotations:
D:5 septik's ghost, amateur DrCj
D:6 1 runed door
D:7 Duvessa


Innate Abilities, Weirdness & Mutations

You are tiny and cannot use many weapons and most armour.
You have supernaturally acute eyesight.
You are a herbivore.
You cover ground extremely quickly.
You need consume almost no food.


Message History

Your Dodging skill gained 2 levels and is now at level 10!
Your Stealth skill gained 2 levels and is now at level 12!
Your Shields skill increases to level 1!
Your Unarmed Combat skill increases to level 1!
Your Spellcasting skill gained 2 levels and is now at level 2!
You have reached level 9!
Your experience leads to an increase in your attributes!
Your base attributes are Str 7, Int 13, Dex 19.
Increase (S)trength, (I)ntelligence, or (D)exterity?
You feel agile.
Drink which item? (? for menu, Esc to quit)
It was a potion of degeneration.
There was something very wrong with that liquid.
You feel weakened.
* * * LOW HITPOINT WARNING * * *
You feel sick.
Drink which item? (? for menu, Esc to quit)
It was a potion of poison.
That liquid tasted very nasty...
You are more poisoned.
You die...

###.##...............# ##...#..#
##†)##...............####...###.#
##..##.b..#######....#....∩.###..
##..##....#(....#....#..##....#..
.....#..((b((%(.+....#..#.%##....
....)#....#.....#....#....####...
.....#....#######....#...## ###.
.....#......†........#...# ##.
.....#..........@....#..## #..
.....########'########..# ####
....#..###....#..##....#######.#8
...###..###.......##...........#.
..## #..##.....##############..#.
.#####...^..#.##.........###...#.
...........#####.#......#..#.[.#.
...#.......##.##..#....#.......#.
..............##...#..#........#.


There were no monsters in sight!

Vanquished Creatures
  Grinder (D:6)
  Sigmund (D:2)
  Edmund (D:6)
  A soldier ant (D:6)
  A black bear (D:6)
  The ghost of Nicoed the Firebug, an amateur DrFE (D:3)
  A centaur (D:6)
  4 scorpions (D:6)
  Dowan (D:7)
  A killer bee (D:6)
  2 crimson imps (D:6)
  4 orc priests
  A hound (D:4)
  2 orc wizards (D:3)
  3 iguanas
  A quasit (D:5)
  3 worker ants
  A hound skeleton (D:5)
  11 adders
  A shadow imp (D:6)
  An adder zombie (D:6)
  2 adder skeletons
  3 worms
  21 orcs
  9 giant cockroaches
  5 goblins
  9 hobgoblins
  14 jackals
  6 kobolds
  6 bats
  6 giant geckos
  4 giant newts
  A quokka (D:6)
  6 rats
  A butterfly (D:6)
136 creatures vanquished.

Notes
Turn   | Place    | Note
--------------------------------------------------------------
     0 | D:1      | homeworkjunkie the Spriggan Assassin began the quest for the Orb.
     0 | D:1      | Reached XP level 1. HP: 10/10 MP: 2/2
    18 | D:1      | Reached skill level 6 in Stealth
    49 | D:1      | Reached XP level 2. HP: 9/15 MP: 3/3
   393 | D:2      | Found a faded altar to an unknown god.
   413 | D:2      | Noticed Sigmund
   621 | D:2      | Found a sparkling altar of Nemelex Xobeh.
   719 | D:3      | Reached XP level 3. HP: 18/18 MP: 4/4
   829 | D:3      | Reached skill level 7 in Stealth
  1042 | D:3      | You fall through a shaft for 2 floors!
  1042 | D:5      | Entered Level 5 of the Dungeon
  1099 | D:5      | Noticed septik's ghost (amateur DrCj)
  1100 | D:5      | Reached XP level 4. HP: 23/23 MP: 5/5
  1104 | D:6      | Noticed a centaur
  1443 | D:4      | Reached XP level 5. HP: 16/26 MP: 6/6
  1610 | D:4      | Reached skill level 8 in Stealth
  1994 | D:3      | Reached XP level 6. HP: 25/30 MP: 7/7
  2157 | D:2      | Found a stormy altar of Qazlal.
  2219 | D:2      | Killed Sigmund
  2219 | D:2      | Reached skill level 5 in Dodging
  2281 | D:2      | Reached skill level 9 in Stealth
  2491 | D:2      | Found a snail-covered altar of Cheibriados.
  2574 | D:2      | Found a shadowy altar of Dithmenos.
  2850 | D:3      | Reached XP level 7. HP: 35/35 MP: 8/8
  3228 | D:3      | Noticed Nicoed's ghost (amateur DrFE)
  3255 | D:3      | Killed Nicoed's ghost
  3812 | D:3      | Found a bloodstained altar of Trog.
  4508 | D:5      | Found Plog's Gadget Emporium.
  4840 | D:6      | Killed a centaur
  4840 | D:6      | Reached skill level 1 in Slings
  5142 | D:6      | Found a sacrificial altar of Ru.
  5176 | D:6      | Found a shattered altar of Ashenzari.
  5177 | D:6      | Found a shimmering altar of Xom.
  5207 | D:6      | Found a staircase to the Ecumenical Temple.
  5214 | D:6      | Found Diuruint's Assorted Antiques.
  5222 | D:6      | Bought a scroll of identify for 42 gold pieces
  5222 | D:6      | Bought a potion of heal wounds for 105 gold pieces
  5321 | D:6      | Noticed a black bear
  5324 | D:6      | Killed a black bear
  5324 | D:6      | Reached skill level 10 in Stealth
  5324 | D:6      | Reached XP level 8. HP: 39/39 MP: 9/9
  5328 | D:7      | Noticed Duvessa
  5328 | D:7      | Noticed Dowan
  5329 | D:7      | Killed Dowan
  5491 | D:6      | Found an opulent altar of Gozag.
  5515 | D:6      | Noticed Edmund
  5574 | D:6      | Killed Edmund
  5821 | D:6      | Found a runed door.
  6347 | D:6      | Noticed Grinder
  6375 | D:6      | Killed Grinder
  6598 | D:6      | Found a runed door.
  6601 | D:6      | Noticed a soldier ant
  6603 | D:6      | Killed a soldier ant
  6668 | D:6      | HP: 2/40 [poisoned by a scorpion]
  6669 | D:6      | Gained mutation: You are partially covered in icy blue scales (AC +1). [potion of mutation]
  6669 | D:6      | Gained mutation: Your flesh is cold resistant. [potion of mutation]
  6670 | D:6      | Lost mutation: You are partially covered in icy blue scales (AC +1). [potion of cure mutation]
  6670 | D:6      | Lost mutation: Your flesh is cold resistant. [potion of cure mutation]
  6672 | D:6      | Reached skill level 1 in Axes
  6672 | D:6      | Reached skill level 5 in Slings
  6672 | D:6      | Reached skill level 10 in Dodging
  6672 | D:6      | Reached skill level 12 in Stealth
  6672 | D:6      | Reached skill level 1 in Shields
  6672 | D:6      | Reached skill level 1 in Unarmed Combat
  6672 | D:6      | Reached XP level 9. HP: 2/46 MP: 9/14
  6673 | D:6      | HP: 1/46 [poisoned by a scorpion]
  6674 | D:6      | Succumbed to poison (a potion of poison)

Action                   |  1- 3 |  4- 6 |  7- 9 || total
-------------------------+-------+-------+-------++-------
Melee: Dagger            |   104 |   151 |   167 ||   422
 Fire: Blowgun           |       |    23 |    42 ||    65
       Hunting sling     |       |       |    46 ||    46
Throw: Tomahawk          |       |       |     3 ||     3
  Use: Scroll            |     6 |     5 |     1 ||    12
       Potion            |     1 |     3 |     9 ||    13
 Stab: Sleeping          |    12 |    13 |    13 ||    38
       Distracted        |       |     1 |     1 ||     2
       Invisible         |       |       |     2 ||     2
  Eat: Pizza             |     1 |       |       ||     1
       Bread ration      |       |       |     1 ||     1
